 Dungeon Crawl Stone Soup version 0.23-a0-270-gab6feb3 (webtiles) character file.

374 technobutter the Slasher (level 6, -5/47 HPs)
             Began as a Merfolk Gladiator on Sept 30, 2018.
             Slain by an ogre
             ... wielding a +0 giant club
              (6 damage)
             ... on level 4 of the Dungeon.
             The game lasted 00:34:03 (3966 turns).

technobutter the Slasher (Merfolk Gladiator)        Turns: 3966, Time: 00:34:03

Health: -5/47      AC: 13    Str: 21    XL:     6   Next: 72%
Magic:  6/6        EV:  8    Int:  7    God:
Gold:   127        SH:  0    Dex: 16    Spells: 5/5 levels left

rFire    . . .     SeeInvis .   a - +0 long sword
rCold    . . .     Gourm    .   (no shield)
rNeg     . . .     Faith    .   z - +1 plate armour
rPois    .         Spirit   .   c - +0 helmet
rElec    .         Reflect  .   (no cloak)
rCorr    .         Harm     .   (no gloves)
MR       .....                  (no boots)
Stlth    ..........             (no amulet)
HPRegen  0.15/turn              (no ring)
MPRegen  0.10/turn              (no ring)

@: mighty
A: change form in water, swift swim, stealthy swim
a: no special abilities


You were on level 4 of the Dungeon.
You were not hungry.

You visited 1 branch of the dungeon, and saw 4 of its levels.

You collected 127 gold pieces.

Inventory:

Hand Weapons
 a - a +0 long sword (weapon)
Missiles
 d - 5 throwing nets (quivered)
 e - 3 javelins of returning
 r - 11 bolts
Armour
 b - a +0 ring mail
 c - a +0 helmet (worn)
 g - a +0 robe
 h - a +0 robe
 i - a +0 leather armour
 w - a +0 scale mail
 z - a +1 plate armour (worn)
Jewellery
 y - a -5 ring of dexterity
Scrolls
 l - 2 scrolls of enchant armour
 m - a scroll of fog
 n - 2 scrolls of identify
 p - a scroll of fear {unknown}
 s - a scroll of enchant weapon {unknown}
 u - a scroll of blinking {unknown}
Potions
 q - a potion of heal wounds {unknown}
 t - a potion of lignification {unknown}
 v - a potion of flight {unknown}
Comestibles
 f - 5 rations


   Skills:
 + Level 3.5 Fighting
 + Level 5.8 Long Blades
 + Level 2.1 Throwing
 + Level 2.0 Armour
 + Level 5.3 Dodging
 + Level 0.5 Stealth


You had 5 spell levels left.
You didn't know any spells.
Your spell library was empty.

Dungeon Overview and Level Annotations

Branches:
Dungeon (4/15)             Temple (0/1) D:4

Altars:


Message History

Found a fizzy inky potion.
Found a staircase to the Ecumenical Temple.
You see here a scroll of remove curse.
The ogre barely misses you. The ogre hits you with a giant club.
The ogre hits you with a giant club!
Your plate armour prevents you from hitting the ogre.
The ogre hits you with a giant club.
You hit the ogre.
The ogre is lightly wounded.
The ogre hits you with a giant club!
* * * LOW HITPOINT WARNING * * *
You barely miss the ogre.
The ogre is lightly wounded.
The ogre hits you but does no damage.
You feel very mighty all of a sudden.
You slash the ogre!
The ogre is moderately wounded.
The ogre hits you with a giant club.
You die...

#
#.#....##.#.######
#
#.#<...##....†....
#
#.####.###.#######
# .. .... #......#
#.# # '# #..
##########.## .
..#.....#..
#...........#
....#.###.#..
#.#######.#.#
....'(+># '.# #.#
#.#.# ....#.###
#.# #@# #.#.##
....#.... #.####O#
#.#(.#
....###'###.††..w#
#...>#
.............w...#
######
....?............#
.......?.........#
.!...............#
.................#
##..............##


You could see an ogre and a dart slug.

Vanquished Creatures
  A phantom (D:4)
  A scorpion (D:4)
  An orc wizard (D:3)
  2 worker ants (D:4)
  8 adders
  An ooze (D:1)
  2 worms (D:2)
  6 leopard geckos
  5 orcs
  2 ball pythons
  5 giant cockroaches
  6 goblins
  7 hobgoblins
  3 jackals (D:2)
  3 quokkas
  9 bats
  6 frilled lizards
  4 kobolds
  11 rats
83 creatures vanquished.

Notes
Turn   | Place    | Note
-------+----------+-------------------------------------------
     0 | D:1      | technobutter the Merfolk Gladiator began the quest for the
                  | Orb.
     0 | D:1      | Reached XP level 1. HP: 16/16 MP: 1/1
   101 | D:1      | Reached XP level 2. HP: 22/22 MP: 2/2
   375 | D:1      | Reached XP level 3. HP: 27/27 MP: 3/3
   834 | D:2      | Reached skill level 1 in Armour
   900 | D:2      | Reached XP level 4. HP: 33/34 MP: 4/4
  1331 | D:2      | Found a faded altar of an unknown god.
  2467 | D:3      | Reached XP level 5. HP: 39/39 MP: 5/5
  2810 | D:3      | Reached skill level 5 in Long Blades
  3320 | D:4      | Noticed a phantom
  3378 | D:4      | Killed a phantom
  3378 | D:4      | Reached skill level 5 in Dodging
  3378 | D:4      | Reached XP level 6. HP: 25/47 MP: 6/6
  3943 | D:4      | Found a staircase to the Ecumenical Temple.
  3963 | D:4      | HP: 1/47 [ogre/giant club (15)]
  3966 | D:4      | Slain by an ogre

Vault maps used:
D:1:      lemuel_arrival_behind_the_door_small, roderic_cross_of_infinity,
          minmay_misc_feat_diagonals, minmay_liquid_box
D:2:      chequers_ecumenical_altar_lobes, serial_forest,
          infiniplex_forest_straight_1, infiniplex_forest_clump_small,
          infiniplex_forest_end_2, infiniplex_forest_clump_tiny,
          infiniplex_forest_straight_2, infiniplex_forest_lined_room_,
          infiniplex_forest_clump_large, infiniplex_forest_clump_long,
          infiniplex_forest_clump_double, first_ration
D:4:      minmay_temple_entry_glassed_door, serial_shops, shop_coins,
          nicolae_dithmenos_through_a_glass_darkly

Skill      XL: |  1  2  3  4  5  6 |
---------------+-------------------+-----
Long Blades    | 4 5 |  5.8
Armour         | 1 2 |  2.0
Fighting       | 3 |  3.5
Dodging        | 5 |  5.3
Throwing       | |  2.1
Stealth        | |  0.5

Action                   |  1- 3 |  4- 6 || total
-------------------------+-------+-------++-------
Melee: Long sword        |    89 |   238 ||   327
  Use: Scroll            |       |     7 ||     7
       Potion            |       |     1 ||     1
  Eat: Ration            |       |     3 ||     3
Armor: Leather armour    |    20 |    18 ||    38
       Ring mail         |       |    34 ||    34
       Scale mail        |       |    15 ||    15
       Plate armour      |       |    28 ||    28
Dodge: Dodged            |    86 |   189 ||   275
       Rpst.: Long sword |    32 |    60 ||    92

Table legend:
 A = Non-vault XP
 B = Vault XP
 C = Vault XP percentage of total XP
 D = Non-vault monster count
 E = Vault monster count
 F = Vault count percentage of total count
                 A         B        C        D         E       F
            +---------+---------+-------+---------+---------+-------
      Total |     535 |       0 |   0.0 |      83 |       0 |   0.0
            +---------+---------+-------+---------+---------+-------
        D:1 |      42 |       0 |   0.0 |      23 |       0 |   0.0
        D:2 |      88 |       0 |   0.0 |      27 |       0 |   0.0
        D:3 |     109 |       0 |   0.0 |      22 |       0 |   0.0
        D:4 |     296 |       0 |   0.0 |      11 |       0 |   0.0
            +---------+---------+-------+---------+---------+-------
